 Dungeon Crawl Stone Soup version 0.21.1-1-g345015fe64 (webtiles) character file.

175 Rrauwl the Vandal (level 5, -2/34 HPs)
             Began as a Halfling Hunter on Mar 10, 2018.
             Killed by nerve-wracking pain
             ... invoked by Grinder
              (8 damage)
             ... on level 3 of the Dungeon.
             The game lasted 00:06:02 (1791 turns).

Rrauwl the Vandal (Halfling Hunter)                 Turns: 1791, Time: 00:06:03

Health: -2/34      AC:  7    Str: 14    XL:     5   Next: 86%
Magic:  5/5        EV: 14    Int:  9    God:
Gold:   98         SH:  0    Dex: 15    Spells: 4/4 levels left

rFire    . . .     SeeInvis .   b - +1 hunting sling
rCold    + . .     Gourm    .   (shield restricted)
rNeg     . . .     Faith    .   g - +0 ring mail
rPois    .         Spirit   .   (no helmet)
rElec    .         Reflect  .   q - +0 cloak
rCorr    .         Harm     .   j - +0 pair of gloves (curse)
MR       .....                  (no boots)
Stlth    +.........             (no amulet)
HPRegen  0.11/turn              r - ring of protection from cold
MPRegen  0.09/turn              (no ring)

@: no status effects
A: small, mutation resistance 1
a: no special abilities


You were on level 3 of the Dungeon.
You were not hungry.

You visited 1 branch of the dungeon, and saw 3 of its levels.

You collected 98 gold pieces.

Inventory:

Hand Weapons
 a - a +0 short sword
 b - a +1 hunting sling (weapon)
Missiles
 d - 17 sling bullets (quivered)
 h - 48 stones
Armour
 g - a +0 ring mail (worn)
 j - a cursed +0 pair of gloves (worn)
 q - a +0 cloak (worn)
Jewellery
 r - a ring of protection from cold (left hand)
Scrolls
 e - 2 scrolls of identify {unknown}
 k - 2 scrolls of teleportation {unknown}
 l - a scroll of magic mapping {unknown}
 m - a scroll of remove curse {unknown}
 o - a scroll of enchant armour {unknown}
 s - a scroll of immolation {unknown}
 u - a scroll of amnesia {unknown}
Potions
 i - a potion of cancellation {unknown}
 n - a potion of curing {unknown}
 p - a potion of berserk rage {unknown}
Comestibles
 f - 8 rations
 t - 9 chunks of flesh


   Skills:
 - Level 2.0 Fighting
 + Level 2.8 Short Blades
 + Level 7.0 Slings
 + Level 2.4 Armour
 - Level 3.0 Dodging
 - Level 2.0 Stealth


You had 4 spell levels left.
You didn't know any spells.

Dungeon Overview and Level Annotations

Branches:
Dungeon (3/15)

Altars:

Annotations:
D:3 Grinder


Innate Abilities, Weirdness & Mutations

You are small and have problems with some larger weapons.
You are somewhat resistant to further mutation.


Message History

Grinder hits you.
You writhe in agony.
Firing (i - inventory. (,) - cycle):
d - 19 sling bullets (quivered)
Press: ? - help, Shift-Dir - straight line, f/p - Grinder
Aim: Grinder (heavily wounded)
You shoot a sling bullet.
The sling bullet hits Grinder but does no damage.
Grinder is heavily wounded.
Grinder says, "You look like you could use a good racking."
Grinder hits you.
Firing (i - inventory. (,) - cycle):
d - 18 sling bullets (quivered)
Press: ? - help, Shift-Dir - straight line, f/p - Grinder
Aim: Grinder (heavily wounded)
You shoot a sling bullet. The sling bullet hits Grinder!
Grinder is almost dead.
Grinder hits you.
You writhe in agony.
* * * LOW HITPOINT WARNING * * *
It was a potion of mutation.
You feel extremely strange. Grinder gestures at you.
Pain shoots through your body!
You die...

#.....# #...#########
#...(.# #...#...... #
#.....# #...#####
...####.....#######.#.#####
................).))..))(.^
.....(.........##.###.###..
##.##.####g##..##.....##...
..) #5##..#########... g...
#@##..# #... #.5 ####..#
#... #. ...# .... . ##..
..... ...###


You could see Grinder and a goblin.

Vanquished Creatures
  An orc wizard (D:3)
  Jessica (D:2)
  5 gnolls
  An adder (D:2)
  2 dart slugs (D:1)
  4 leopard geckos
  3 orcs (D:3)
  11 bats
  A giant cockroach (D:2)
  7 goblins
  4 hobgoblins
  2 jackals (D:2)
  8 kobolds
  A quokka (D:2)
  A ball python (D:3)
  A frilled lizard (D:1)
  2 rats (D:1)
55 creatures vanquished.

Notes
Turn   | Place    | Note
-------+----------+-------------------------------------------
     0 | D:1      | Rrauwl the Halfling Hunter began the quest for the Orb.
     0 | D:1      | Reached XP level 1. HP: 14/14 MP: 1/1
    69 | D:1      | Reached XP level 2. HP: 19/19 MP: 2/2
   212 | D:1      | Reached skill level 6 in Slings
   289 | D:1      | Reached skill level 1 in Short Blades
   394 | D:1      | Reached skill level 1 in Armour
   394 | D:1      | Reached XP level 3. HP: 24/24 MP: 3/3
  1109 | D:2      | Reached XP level 4. HP: 29/29 MP: 4/4
  1121 | D:2      | Noticed Jessica
  1123 | D:2      | Killed Jessica
  1364 | D:2      | Reached XP level 5. HP: 34/34 MP: 5/5
  1669 | D:3      | Reached skill level 7 in Slings
  1703 | D:3      | Noticed Grinder
  1791 | D:3      | Killed from afar by Grinder

Skill      XL: |  1  2  3  4  5 |
---------------+----------------+-----
Slings         | 6 7 |  7.0
Fighting       | 2 |  2.0
Short Blades   | 1 2 |  2.8
Armour         | 1 2 |  2.4
Stealth        | 2 |  2.0
Dodging        | 3 |  3.0

Action                   |  1- 3 |  4- 6 || total
-------------------------+-------+-------++-------
 Fire: Hunting sling     |    94 |    88 ||   182
  Use: Potion            |       |     1 ||     1
  Eat: Chunk             |       |     2 ||     2
Armor: Ring mail         |     9 |     6 ||    15
Dodge: Dodged            |    24 |     9 ||    33
